 Dungeon Crawl Stone Soup version 0.23.2-1-ga50397a (webtiles) character file.

Game seed: 1774455296732088544

1199 Kairos the Grappler (level 8, -2/66 HPs)
             Began as a Ghoul Monk on Apr 24, 2019.
             Was a Priest of Yredelemnul.
             Slain by an orc warrior
             ... wielding a +0 flail
              (10 damage)
             ... on level 6 of the Dungeon.
             The game lasted 00:18:31 (3912 turns).

Kairos the Grappler (Ghoul Monk)                    Turns: 3912, Time: 00:18:31

Health: -2/66      AC:  3    Str: 17    XL:     8   Next: 44%
Magic:  8/8        EV: 13    Int:  5    God:    Yredelemnul [***...]
Gold:   206        SH:  0    Dex: 11    Spells: 7/7 levels left

rFire    + . .     SeeInvis .     - Unarmed
rCold    + . .     Gourm    .   (no shield)
rNeg     + + +     Faith    .   j - +1 robe {rF+}
rPois    ∞         Spirit   .   (no helmet)
rElec    .         Reflect  .   (no cloak)
rCorr    .         Harm     .   (no gloves)
MR       .....                  (no boots)
Stlth    ++........             (no amulet)
HPRegen  0.00/turn              (no ring)
MPRegen  0.11/turn              (no ring)

@: injury mirror, rotting
A: rotting body, claws 1, carnivore, cold resistance 1, negative energy
resistance 3, inhibited regeneration, torment resistance, unbreathing
a: Recall Undead Slaves, Injury Mirror, Animate Dead, Renounce Religion


You were on level 6 of the Dungeon.
You worshipped Yredelemnul.
Yredelemnul was most pleased with you.
You were not hungry.

You visited 1 branch of the dungeon, and saw 6 of its levels.

You collected 206 gold pieces.

Inventory:

Hand Weapons
 c - a +1 mace of protection
 n - the +3 dagger of Causality {pierce, Str+8 Int+4 Dex-3}
   (You found it on level 5 of the Dungeon)

   It inflicts extra damage upon your enemies.
   It affects your strength (+8).
   It affects your intelligence (+4).
   It affects your dexterity (-3).
 p - a +0 lajatang
Missiles
 h - 4 tomahawks (quivered)
Armour
 a - a +0 robe
 j - a +1 robe of fire resistance (worn)
Wands
 o - a wand of flame (11)
Scrolls
 e - 3 scrolls of identify
 g - a scroll of fear {unknown}
 m - a scroll of fog {unknown}
Potions
 d - 2 potions of brilliance
 i - 4 potions of curing
 k - 5 potions of might
 l - a potion of agility {unknown}
Comestibles
 b - 8 rations


   Skills:
 + Level 4.3 Fighting
 + Level 3.8 Throwing
 + Level 4.0 Dodging
 + Level 3.2 Stealth
 * Level 8.4 Unarmed Combat
 + Level 2.1 Invocations


You had 7 spell levels left.
You didn't know any spells.
Your spell library was empty.

Dungeon Overview and Level Annotations

Branches:
Dungeon (6/15)
 Temple: D:4-7

Altars:
Ashenzari
Dithmenos
Fedhas
Xom
Yredelemnul


Innate Abilities, Weirdness & Mutations

Your body is rotting away.
You thrive on raw meat.
You are immune to poison.
You have sharp fingernails.
You are carnivorous and can eat meat at any time.
Your flesh is cold resistant. (rC+)
You are immune to negative energy. (rN+++)
You do not regenerate when monsters are visible.
You are immune to unholy pain and torment.
You can survive without breathing.


Message History

Things that are here:
a +3 war axe; a +0 robe; 2 tomahawks You scratch the orc warrior but do no damage.
The orc warrior is severely wounded.
The wight barely misses you.
You barely miss the orc warrior.
The orc warrior is severely wounded.
The orc warrior misses you.
You scratch the orc warrior.
The orc warrior is almost dead.
The wight hits you from afar with a cursed +1 halberd of freezing!
* * * LOW HITPOINT WARNING * * *
The wight freezes you.
* * * LOW HITPOINT WARNING * * *
The orc warrior completely misses you.
You offer yourself to Yredelemnul, and are filled with unholy energy.
The wight closely misses you.
The orc warrior hits you with a +0 flail!
You die...
Yredelemnul claims you as an undead slave.

#............# #
#...........%# .#
###.......(...[###.##
....... ........o.....
....... ...........>..
....... #............
.......####o........?# #
........@o{z.(.......#.#
.......###zZ.(.......#.#
.......###Z............#
#######......^..........
...##..........#.
.#..............#
...............#####
....................#
#..........#######..


You could see an orc warrior, 2 wights, an orc wizard and a howler monkey
skeleton.

Vanquished Creatures
  Eustachio (D:4)
  A sky beast (D:5)
  An ice beast (D:5)
  An ogre (D:5)
  A scorpion (D:5)
  A wight (D:6)
  A crimson imp (D:5)
  2 hounds
  A bullfrog skeleton (D:5)
  4 orc wizards
  2 iguanas
  3 worker ants
  2 gnolls (D:4)
  8 adders
  An adder zombie (D:5)
  An adder skeleton (D:5)
  3 worms (D:2)
  2 dart slugs
  3 leopard geckos
  5 orcs
  6 giant cockroaches
  8 goblins
  6 hobgoblins
  2 jackals (D:5)
  6 bats
  4 frilled lizards
  10 kobolds
  5 rats
91 creatures vanquished.

Vanquished Creatures (collateral kills)
  A phantom (D:4)
  A scorpion (D:4)
  An orc wizard (D:4)
  An orc priest (D:4)
  Jessica (D:3)
  An iguana (D:6)
  2 gnolls (D:4)
  An orc (D:3)
  A hobgoblin (D:3)
10 creatures vanquished.

Vanquished Creatures (others)
  A wight (D:6)
  A hound skeleton (D:5)
  A mummy (D:4)
  A hobgoblin skeleton (D:3)
  A jackal skeleton (D:5)
  2 kobold skeletons (D:3)
  A leopard gecko skeleton (D:4)
  3 orc skeletons
  A rat skeleton (D:3)
12 creatures vanquished.

Grand Total: 113 creatures vanquished

Notes
Turn   | Place    | Note
-------+----------+-------------------------------------------
     0 | D:1      | Kairos the Ghoul Monk began the quest for the Orb.
     0 | D:1      | Reached XP level 1. HP: 19/19 MP: 0/0
   265 | D:1      | Reached XP level 2. HP: 26/26 MP: 1/1
   709 | D:2      | Reached XP level 3. HP: 31/31 MP: 2/2
   750 | D:2      | Reached skill level 4 in Unarmed Combat
   961 | D:2      | Reached skill level 1 in Throwing
  1056 | D:2      | Reached XP level 4. HP: 30/39 MP: 3/3
  1490 | D:2      | Found a faded altar of an unknown god.
  1497 | D:2      | Became a worshipper of Yredelemnul the Dark
  1497 | D:2      | Reached * piety under Yredelemnul
  1497 | D:2      | Reached ** piety under Yredelemnul
  1543 | D:3      | Found a blossoming altar of Fedhas.
  1603 | D:3      | Reached *** piety under Yredelemnul
  1603 | D:3      | Reached XP level 5. HP: 18/45 MP: 4/4
  1756 | D:3      | Reached skill level 5 in Unarmed Combat
  1787 | D:3      | Noticed Jessica
  1798 | D:3      | Killed Jessica
  1799 | D:3      | Found a shadowy altar of Dithmenos.
  1941 | D:3      | Received a gift from Yredelemnul (a mummy)
  2047 | D:4      | Reached XP level 6. HP: 33/51 MP: 5/5
  2176 | D:4      | Reached skill level 6 in Unarmed Combat
  2300 | D:4      | Noticed a phantom
  2313 | D:4      | Killed a phantom
  2313 | D:4      | Reached XP level 7. HP: 34/58 MP: 6/6
  2566 | D:4      | Found a shimmering altar of Xom.
  2683 | D:5      | Entered Level 5 of the Dungeon
  2768 | D:5      | Noticed Eustachio
  2786 | D:5      | Reached skill level 1 in Invocations
  2933 | D:4      | Killed Eustachio
  2933 | D:4      | Reached skill level 7 in Unarmed Combat
  3098 | D:5      | Found a shattered altar of Ashenzari.
  3126 | D:5      | Reached XP level 8. HP: 8/65 MP: 8/8
  3539 | D:5      | Reached skill level 8 in Unarmed Combat
  3539 | D:5      | Received a gift from Yredelemnul (a wight)
  3745 | D:5      | Got a slimy dagger
  3746 | D:5      | Identified the +3 dagger of Causality {pierce, Str+8 Int+4
                  | Dex-3} (You found it on level 5 of the Dungeon)
  3912 | D:6      | Slain by an orc warrior

Skill      XL: |  1  2  3  4  5  6  7  8 |
---------------+-------------------------+-----
Dodging        | 3 4 |  4.0
Unarmed Combat | 4 5 6 7 8 |  8.4
Throwing       | 1 2 3 |  3.8
Invocations    | 2 |  2.1
Stealth        | 3 |  3.2
Fighting       | 4 |  4.3

Action                   |  1- 3 |  4- 6 |  7- 9 || total
-------------------------+-------+-------+-------++-------
Melee: Unarmed           |    51 |   132 |   102 ||   285
       Punch             |       |     2 |     2 ||     4
Throw: Tomahawk          |    59 |    41 |    31 ||   131
       Throwing net      |       |       |     2 ||     2
Invok: Animate Dead      |       |     4 |     6 ||    10
       Recall Undead Sla |       |     2 |     2 ||     4
       Injury Mirror     |       |       |     2 ||     2
  Use: Scroll            |     7 |     1 |       ||     8
       Potion            |     1 |       |       ||     1
 Stab: Sleeping          |       |     1 |     2 ||     3
  Eat: Chunk             |     6 |    22 |    12 ||    40
Armor: Robe              |     7 |    15 |    15 ||    37
Dodge: Dodged            |    34 |    78 |    71 ||   183
